AoeStats
← FloAoE

Arena

509921592Analyzed
4v4 RM · 3d ago on Sep 28, 2026· 28m 23s· 8 players
Game mode
Random Map
Map size
Large (8 player)
Population
200
Speed
Normal
Resources
Standard
Victory
Conquest
Starting age
Dark Age
Ending age
Imperial Age
RankedLock teamsTeams togetherTeam positionsShared explorationLock speedFull tech treeHidden civsTurbo modeCheats
Victory
Defeat
🇨🇳 Cumans · China
1425
+13
🇵🇱 Burgundians · Poland
1406
+14
🇦🇷 Turks · Argentina
1397
+14
🇩🇪 Jurchens · Germany
1395
+15
🇪🇸 Varangians · Spain
1386
-15
🇹🇷 Mongols · Türkiye
1386
-15
🇨🇱 Malay · Chile
1346
-13
🇧🇪 Celts · Belgium
1339
-13
FloAoE
10:50 Feudal Age
14:24 Castle Age
12:09 Horse Collar
12:48 Double-Bit Axe
15:31 Bow Saw
16:36 Heavy Plow
18:29 Wheelbarrow
20:15 Gold Mining
21:56 Hand Cart
23:08 Town Watch
24:03 Forging
24:58 Stone Mining
25:37 Town Patrol
27:19 Loom
30:38 Imperial Age
28:23 Padded Archer Armor
AfricanNija
5:18 Double-Bit Axe
11:02 Feudal Age
10:02 Horse Collar
13:17 Bow Saw
15:24 Castle Age
14:30 Heavy Plow
18:58 Wheelbarrow
18:36 Gold Mining
20:44 Loom
24:26 Town Watch
27:32 Imperial Age
25:54 Hand Cart
26:09 Scale Barding Armor
26:15 Forging
26:22 Cavalier
27:03 Husbandry
28:18 Chain Barding Armor
29:15 Gold Shaft Mining
29:50 Two-Man Saw
逸丶然
8:04 Feudal Age
9:00 Double-Bit Axe
10:15 Horse Collar
15:10 Wheelbarrow
15:18 Wheelbarrow
19:25 Castle Age
17:25 Gold Mining
18:12 Scale Barding Armor
19:03 Forging
20:12 Bloodlines
21:12 Chain Barding Armor
21:04 Bow Saw
23:03 Iron Casting
24:15 Stone Mining
24:38 Heavy Plow
26:40 Hand Cart
titumir
11:02 Feudal Age
11:42 Double-Bit Axe
15:00 Castle Age
14:20 Gold Mining
15:05 Loom
16:24 Bow Saw
20:00 Padded Archer Armor
20:58 Fletching
21:41 Leather Archer Armor
22:15 Stone Mining
25:14 Horse Collar
25:56 Heavy Plow
27:24 Gold Shaft Mining
31:24 Imperial Age
Grimbel
11:14 Feudal Age
11:52 Double-Bit Axe
15:15 Castle Age
13:37 Horse Collar
13:48 Gold Mining
16:15 Loom
16:58 Bloodlines
16:49 Husbandry
16:55 Scale Barding Armor
21:07 Chain Barding Armor
21:22 Forging
22:09 Husbandry
24:24 Wheelbarrow
23:35 Town Watch
ZeZe
9:10 Feudal Age
14:05 Castle Age
12:00 Double-Bit Axe
12:06 Horse Collar
16:22 Bow Saw
20:36 Wheelbarrow
19:49 Loom
23:23 Hand Cart
22:57 Town Watch
23:40 Fletching
23:51 Padded Archer Armor
24:05 Bloodlines
24:08 Husbandry
24:54 Bodkin Arrow
26:31 Ballistics
krsna
12:00 Feudal Age
15:49 Castle Age
13:33 Horse Collar
13:41 Double-Bit Axe
16:32 Wheelbarrow
17:03 Bow Saw
21:35 Heavy Plow
23:06 Loom
23:07 Town Watch
23:17 Gold Mining
23:29 Stone Mining
28:11 Imperial Age
26:31 Gold Shaft Mining
26:36 Stone Shaft Mining
27:58 Scale Mail Armor
28:09 Forging
27:58 Gambesons
27:59 Arson
29:19 Conscription
DD2E D10 Bulldozer
8:56 Feudal Age
8:35 Double-Bit Axe
8:34 Horse Collar
16:17 Castle Age
16:26 Bow Saw
17:24 Gold Mining
17:36 Heavy Plow
21:16 Wheelbarrow
21:17 Stone Mining
22:10 Loom
22:42 Hand Cart
22:39 Town Watch
23:11 Scale Barding Armor
25:48 Forging
28:22 Imperial Age
26:57 Gold Shaft Mining
Connection lost

Rejoining the realm…

Still unreachable

The connection could not be restored.

Session expired

The server has moved on; the page needs a fresh start.